 Dungeon Crawl Stone Soup version 0.30.0-15-g856e2d3f33 (webtiles) character file.

Game seed: 7051785161808761062

0 hawla the Firebug (level 1, -5/14 HPs)
             Began as a Meteoran Fire Elementalist on May 19, 2023.
             Slain by Terence
             ... wielding a +4 flail of holy wrath
              (10 damage)
             ... on level 2 of the Dungeon.
             The game lasted 00:00:44 (40 turns).

hawla the Firebug (Meteoran Fire Elementalist)        Turns: 40, Time: 00:00:44

Health: -5/14      AC:  2    Str:  9    XL:     1   Next: 14%
Magic:  2/5        EV: 12    Int: 16    God:
Gold:   11         SH:  0    Dex: 14    Spells: 4/5 levels left

rFire   . . .        (no weapon)
rCold   . . .        (no shield)
rNeg    . . .        a - +0 robe
rPois   .            (no helmet)
rElec   .            (no cloak)
rCorr   .            (no gloves)
SInv    .            (no boots)
Will    .....        (no amulet)
Stlth   +            (no ring)
HPRegen 0.22/turn    (no ring)
MPRegen 0.09/turn

%: no passive effects
@: glowing
A: sense surroundings 1, otherworldly, glowing, explore regen
a: no special abilities


You were on level 2 of the Dungeon.
You visited 1 branch of the dungeon, and saw 2 of its levels.

You collected 11 gold pieces.

Inventory:

Armour
 a - a +0 robe (worn)
Potions
 b - a potion of magic


   Skills:
 + Level 2.4 Dodging
 - Level 1.4 Stealth
 + Level 2.7 Spellcasting
 + Level 1.2 Conjurations
 + Level 3.6 Fire Magic


You had 4 spell levels left.
You knew the following spells:

 Your Spells              Type           Power      Damage    Failure   Level
a - Foxfire               Conj/Fire      36%        2x1d5     7%          1

Your spell library contained the following spells:

 Spells                   Type           Power      Damage    Failure   Level
 Scorch                   Fire           26%        2d6       7%          2
 Inner Flame              Hex/Fire       8%         N/A       26%         3
 Volatile Blastmotes      Fire/Tloc      16%        2d11      26%         3
 Flame Wave               Conj/Fire      9%         2d6       56%         4


Dungeon Overview and Level Annotations

Branches:
Dungeon (2/15) Zot: 1160

Altars:

Annotations:
D:2 Terence


Innate Abilities, Weirdness & Mutations

You passively map a small area around you.
You are easily found by Zot.
You glow in the dark.
You regain HP and MP as you explore.


Message History

Nothing appears to happen.
Casting: Foxfire (safe; 7% risk of failure)
Confirm with . or Enter, or press ? or * to list all spells.
You conjure some foxfire!
The goblin closely misses you.
You miss the goblin. The goblin barely misses you.
Terence the Incautious comes into view.
He is wielding a +4 flail of holy wrath.
You hit the goblin but do no damage. The goblin closely misses you.
Your foxfire dissipates!
Found a ruby potion.
Terence drinks a potion.
Terence suddenly seems more resistant.
The goblin attacks as you move away! The goblin hits you with a +0 dagger.
Your magical contamination has completely faded away.
Casting: Foxfire (safe; 7% risk of failure)
Confirm with . or Enter, or press ? or * to list all spells.
You conjure some foxfire!
The goblin closely misses you.
The foxfire hits the goblin.
The goblin is severely wounded.
The goblin closely misses you.
Casting: Foxfire (safe; 7% risk of failure)
Confirm with . or Enter, or press ? or * to list all spells.
You conjure some foxfire!
The goblin hits you with a +0 dagger.
The foxfire hits the goblin.
You kill the goblin!
Terence closely misses you. Terence attacks as you move away!
Terence closely misses you.
Found a lumpy sapphire potion.
Terence screams, "I'm going to kill you!"
Casting: Foxfire (safe; 7% risk of failure)
Confirm with . or Enter, or press ? or * to list all spells.
You conjure some foxfire!
Terence hits you with a +4 flail of holy wrath!
Ouch! That really hurt!
The foxfire hits Terence.
Terence resists.
Terence is lightly wounded.
The foxfire hits Terence.
Terence resists.
Terence is lightly wounded.
Terence attacks as you move away!
Terence hits you with a +4 flail of holy wrath!
Ouch! That really hurt!
You die...

, , #!# * * ,
, #.# , * #.#
* ,,... , *,
#.#* * # #.#
* * *
#.###!##.####
*
#.....@@...#
#.###.##.##)#
, ,.. ...##.#
, ,
*###.#####<#
* # #...# *,
...#..# ,
*###. .#.# ##
####


You could see Terence (resistant).

Vanquished Creatures
  A goblin (D:2)
1 creature vanquished.

Vanquished Creatures (others)
  4 foxfires (D:2)
4 creatures vanquished.

Grand Total: 5 creatures vanquished

Notes
Turn   | Place    | Note
-------+----------+-------------------------------------------
     0 | D:1      | hawla the Meteoran Fire Elementalist began the quest for
                  | the Orb.
     0 | D:1      | Reached XP level 1. HP: 14/14 MP: 5/5
    27 | D:2      | Noticed Terence
    40 | D:2      | Slain by Terence

Illustrated notes

Levels and vault maps discovered:
D:1:      dpeg_arrival_renting, layout_basic, chequers_ecumenical_altar_simple
D:2:      layout_loops_ring, basic_altar, st_stairs_2, uniq_terence

Action                     || total
---------------------------++-------
  Melee: Unarmed           ||     2
   Cast: Foxfire           ||     4
  Dodge: Dodged            ||     7
